 Dungeon Crawl Stone Soup version 0.17.0-9-g801d43b (webtiles) character file.

112 JudasIscariot the Sneak (level 4, -2/33 HPs)
             Began as a Vampire Assassin on Nov 9, 2015.
             Was an Initiate of Trog.
             Slain by an orc
             ... wielding a +0 club
              (4 damage)
             ... on level 3 of the Dungeon.
             The game lasted 00:07:51 (2269 turns).

JudasIscariot the Sneak (Vampire Assassin)          Turns: 2269, Time: 00:07:52

Health: -2/33      AC:  5    Str: 10    XL:     4   Next: 64%
Magic:  4/4        EV: 12    Int: 13    God:    Trog [......]
Gold:   137        SH:  0    Dex: 16    Spells: 0 memorised, 3 levels left

rFire  . . .     SeeInvis +     a - +2 dagger
rCold  + . .     Clarity  .     s - +0 leather armour
rNeg   + + .     SustAt   .     (no shield)
rPois  +         Gourm    .     (no helmet)
rElec  .         Spirit   .     d - +0 cloak
rCorr  .         Warding  .     (no gloves)
rMut   .         Stasis   .     j - +0 pair of boots
MR     .....                    (no amulet)
Stlth  ++++......               (no ring)
                                (no ring)

@: regenerating slowly, slowed, very slow, not resistant to hostile
enchantments, stealthy
A: fangs 3, see invisible, unbreathing
a: Bat Form, Burn Spellbooks, Renounce Religion


You were on level 3 of the Dungeon.
You worshipped Trog.
Trog was noncommittal.
You were very thirsty.

You visited 1 branch of the dungeon, and saw 3 of its levels.

You collected 137 gold pieces.

Inventory:

Hand Weapons
 a - a +2 dagger (weapon)
 b - a +0 blowgun
Missiles
 e - 8 poisoned needles
 f - 2 curare-tipped needles
Armour
 c - a +0 robe
 d - a +0 cloak (worn)
 j - a +0 pair of boots (worn)
 s - a +0 leather armour (worn)
Wands
 p - a wand of polymorph (10)
Scrolls
 h - a scroll of magic mapping {unknown}
 i - 2 scrolls of amnesia {unknown}
 k - a scroll of remove curse {unknown}
 m - 2 scrolls of teleportation {unknown}
 n - 2 scrolls of recharging {unknown}
 o - 2 scrolls of noise {unknown}
 r - a scroll of enchant armour {unknown}
Potions
 g - 19 potions of blood
 q - a potion of cancellation {unknown}


   Skills:
 * Level 2.1 Fighting
 * Level 2.5 Short Blades
 * Level 2.0 Throwing
 * Level 2.5 Dodging
 * Level 7.6 Stealth


You had 3 spell levels left.
You didn't know any spells.

Dungeon Overview and Level Annotations

Branches:
Dungeon (3/15)

Altars:
Kikubaaqudgha
Trog


Innate Abilities, Weirdness & Mutations

You heal slowly.
You have razor-sharp teeth.
You have supernaturally acute eyesight.
You can survive without breathing.


Message History

The orc wizard barely misses you.
You hit the orc wizard.
The orc wizard is almost dead.
The orc wizard barely misses you. The orc hits you with a club.
* * * LOW HITPOINT WARNING * * *
The orc wizard gestures wildly while chanting.
The orc wizard blinks!
The orc wizard misses you. The orc closely misses you.
The orc shouts!
You hit the orc wizard.
The orc wizard is almost dead.
The orc wizard casts a spell.
The orc wizard blinks!
The orc wizard gestures wildly while chanting.
The orc wizard blinks!
The orc hits you but does no damage.
You hit the orc wizard.
The orc wizard is lightly wounded.
The orc wizard hits you with a dagger.
* * * LOW HITPOINT WARNING * * *
The orc hits you with a club.
You die...

#.........
##.##+#.##+
#####.o.#.#
#.#..
#...o...#.#
#.#.. #o#
#.####.###
#.#
#.........
#o#
##########
#o# #@# #o#
#.# #.# #.#
#.# #.# #.#
#.###


You could see 2 orc wizards and 2 orcs.

Vanquished Creatures
  5 adders
  3 worms (D:2)
  5 orcs (D:3)
  6 giant cockroaches
  2 goblins
  5 hobgoblins
  A quokka (D:2)
  A ball python (D:1)
  7 bats
  A giant gecko (D:3)
  5 giant newts
  4 kobolds (D:1)
  10 rats
  2 rat zombies (D:2)
57 creatures vanquished.

Notes
Turn   | Place    | Note
--------------------------------------------------------------
     0 | D:1      | JudasIscariot the Vampire Assassin began the quest for the Orb.
     0 | D:1      | Reached XP level 1. HP: 16/16 MP: 1/1
    41 | D:1      | Reached skill level 6 in Stealth
   106 | D:1      | Reached XP level 2. HP: 17/22 MP: 2/2
   531 | D:2      | Found an ancient bone altar of Kikubaaqudgha.
   606 | D:2      | Reached XP level 3. HP: 23/27 MP: 3/3
   645 | D:2      | Reached skill level 7 in Stealth
  1344 | D:2      | Reached XP level 4. HP: 33/33 MP: 4/4
  1376 | D:2      | Noticed a moth of wrath
  1379 | D:2      | Found a bloodstained altar of Trog.
  1453 | D:2      | Became a worshipper of Trog the Wrathful
  2269 | D:3      | Slain by an orc

Action                   |  1- 3 |  4- 6 || total
-------------------------+-------+-------++-------
Melee: Dagger            |   106 |    52 ||   158
  Use: Potion            |     2 |     1 ||     3
 Stab: Sleeping          |    10 |     6 ||    16
       Distracted        |       |     1 ||     1
